 Dungeon Crawl Stone Soup version 0.23.2-1-ga50397a (webtiles) character file.

Game seed: 16258894292195803748

113 whitewolfNL the Cudgeler (level 4, -7/42 HPs)
             Began as a Minotaur Berserker on May 25, 2019.
             Was a Believer of Trog.
             Killed by divine providence
             ... invoked by an orc priest
              (13 damage)
             ... on level 2 of the Dungeon.
             The game lasted 00:05:49 (1709 turns).

whitewolfNL the Cudgeler (Minotaur Berserker)       Turns: 1709, Time: 00:05:49

Health: -7/42      AC:  8    Str: 22    XL:     4   Next: 65%
Magic:  3/3        EV:  8    Int:  4    God:    Trog [**....]
Gold:   116        SH:  3    Dex: 14    Spells: 3/3 levels left

rFire    . . .     SeeInvis .   a - +0 mace
rCold    . . .     Gourm    .   n - +0 buckler
rNeg     . . .     Faith    .   h - +0 chain mail
rPois    .         Spirit   .   (helmet restricted)
rElec    .         Reflect  .   (no cloak)
rCorr    .         Harm     .   (no gloves)
MR       .....                  (no boots)
Stlth    ..........             (no amulet)
HPRegen  0.14/turn              i - +4 ring of dexterity
MPRegen  0.08/turn              (no ring)

@: berserk cooldown, slowed, very slow
A: retaliatory headbutt, horns 2
a: Berserk, Trog's Hand, Renounce Religion


You were on level 2 of the Dungeon.
You worshipped Trog.
Trog was pleased with you.
You were very hungry.

You visited 1 branch of the dungeon, and saw 2 of its levels.

You collected 116 gold pieces.

Inventory:

Hand Weapons
 a - a +0 mace (weapon)
 p - a +0 hunting sling
Missiles
 b - 22 sling bullets
 f - 68 stones (quivered)
 g - 13 bolts
 s - 16 arrows
Armour
 h - a +0 chain mail (worn)
 n - a +0 buckler (worn)
Jewellery
 i - a +4 ring of dexterity (left hand)
Scrolls
 j - a scroll of teleportation {unknown}
 k - 2 scrolls of identify {unknown}
 l - a scroll of random uselessness {unknown}
 o - 2 scrolls of fear {unknown}
Potions
 d - a potion of degeneration {unknown}
 e - a potion of heal wounds {unknown}
 q - a potion of berserk rage {unknown}
 r - a potion of curing {unknown}
Comestibles
 c - 5 rations
 m - 8 chunks of flesh


   Skills:
 * Level 5.1 Fighting
 * Level 5.2 Maces & Flails
 - Level 0.3 Throwing
 - Level 2.5 Armour
 - Level 2.2 Dodging


You had 3 spell levels left.
You didn't know any spells.
Your spell library was empty.

Dungeon Overview and Level Annotations

Branches:
Dungeon (2/15)

Altars:


Innate Abilities, Weirdness & Mutations

You reflexively headbutt those who attack you in melee.
You have a pair of horns on your head.


Message History

Items here: )) [ † a +0 mace; a +0 leather armour; a +0 trident; an orc corpse You feel a strong urge to attack something.
You are no longer berserk.
You are exhausted.
You feel yourself slow down.
Things that are here:
a +0 flail; an orc corpse You hit the orc priest.
The orc priest is lightly wounded.
The orc priest hits you but does no damage.
The orc priest calls down the wrath of Beogh upon you.
Beogh smites you!
* * * LOW HITPOINT WARNING * * *
You hit the orc priest but do no damage.
Your headbutt misses the orc priest.
The orc priest is lightly wounded.
The orc priest invokes the aid of Beogh against you.
Beogh smites you!
You die...

# #.#...#.# #...
#.#....o..#.# #...
#...........# #...
#....# #..^ #.####
#... #o# #... #o#
#... #o# #... #@#
#... #)# #...
###.################
#...................
#.#####.....########
#.# #.+.....# #.#
#.#....)# #.#
#.#<....# #.#
#.#.....#


You could see 2 orc priests and an orc.

Vanquished Creatures
  Robin (D:2)
  4 adders (D:2)
  An ooze (D:2)
  3 worms (D:2)
  4 dart slugs
  3 orcs (D:2)
  2 bats (D:2)
  2 giant cockroaches
  6 goblins
  8 hobgoblins
  A ball python (D:1)
  2 frilled lizards (D:1)
  4 kobolds
  5 rats
46 creatures vanquished.

Vanquished Creatures (others)
  A hobgoblin (D:2)
1 creature vanquished.

Grand Total: 47 creatures vanquished

Notes
Turn   | Place    | Note
-------+----------+-------------------------------------------
     0 | D:1      | whitewolfNL the Minotaur Berserker began the quest for the
                  | Orb.
     0 | D:1      | Reached XP level 1. HP: 19/19 MP: 0/0
   223 | D:1      | Reached XP level 2. HP: 21/27 MP: 1/1
   972 | D:2      | Reached XP level 3. HP: 28/33 MP: 2/2
   998 | D:2      | Found a faded altar of an unknown god.
  1168 | D:2      | Reached XP level 4. HP: 30/41 MP: 3/3
  1176 | D:2      | Reached ** piety under Trog
  1442 | D:2      | Identified the +1 helmet "Boidap" {*Corrode Str+4 Dex+4}
  1442 | D:2      | Noticed Robin
  1446 | D:2      | Reached skill level 5 in Maces & Flails
  1450 | D:2      | Killed Robin
  1452 | D:2      | Reached skill level 5 in Fighting
  1709 | D:2      | Killed from afar by an orc priest

Skill      XL: |  1  2  3  4 |
---------------+-------------+-----
Maces & Flails | 4 5 |  5.2
Fighting       | 4 5 |  5.1
Throwing       | |  0.3
Armour         | |  2.5
Dodging        | |  2.2

Action                   |  1- 3 |  4- 6 || total
-------------------------+-------+-------++-------
Melee: Mace              |    57 |    36 ||    93
       Headbutt          |    10 |     8 ||    18
Invok: Berserk           |     1 |     2 ||     3
  Eat: Chunk             |     1 |     3 ||     4
Armor: Animal skin       |     2 |       ||     2
       Chain mail        |    33 |    20 ||    53
Dodge: Dodged            |    27 |    15 ||    42
Block: Buckler           |     2 |     4 ||     6
